 Dungeon Crawl Stone Soup version 0.19-a0-990-gf36c7f1 (webtiles) character file.

399 Implojin the Ruffian (level 6, -2/59 HPs)
             Began as a Troll Fighter on July 14, 2016.
             Slain by a wight
             ... wielding a +1 halberd
              (5 damage)
             ... on level 5 of the Dungeon.
             The game lasted 00:02:50 (629 turns).

Implojin the Ruffian (Troll Fighter)                 Turns: 629, Time: 00:02:51

Health: -2/59      AC:  5    Str: 25    XL:     6   Next: 53%
Magic:  5/5        EV:  6    Int:  4    God:
Gold:   31         SH:  8    Dex: 11    Spells: 0 memorised, 5 levels left

rFire  . . .     SeeInvis .       - Unarmed
rCold  . . .     Gourm    +     a - +0 robe
rNeg   . . .     Faith    .     b - +0 shield
rPois  .         Spirit   .     (helmet restricted)
rElec  .         Dismiss  .     (no cloak)
rCorr  .         Reflect  .     (gloves unavailable)
SustAt .         Harm     .     (boots unavailable)
MR     .....                    (no amulet)
Stlth  +.........               (no ring)
                                (no ring)

@: heavily drained, not resistant to hostile enchantments, very unstealthy
A: unfitting armour, claws 3, fast metabolism 3, gourmand, regeneration 2,
shaggy fur 1, tough skin 2
a: no special abilities


You were on level 5 of the Dungeon.
You were not hungry.

You visited 1 branch of the dungeon, and saw 6 of its levels.

You collected 31 gold pieces.

Inventory:

Missiles
 g - 5 large rocks (quivered)
Armour
 a - a +0 robe (worn)
 b - a +0 shield (worn)
Wands
 l - a wand of iceblast (9/15)
Scrolls
 e - 3 scrolls of blinking {unknown}
 f - a scroll of enchant weapon {unknown}
 h - 3 scrolls of remove curse {unknown}
 k - 4 scrolls of identify {unknown}
 m - a scroll of fog {unknown}
 n - a scroll of immolation {unknown}
Potions
 c - a potion of curing {unknown}
 o - a potion of flight {unknown}
Comestibles
 d - 3 bread rations
 i - a meat ration
 j - 2 slices of pizza


   Skills:
 - Level 2.4(0.6) Fighting
 - Level 2.4(0.6) Dodging
 - Level 2.4(0.6) Shields
 * Level 7.1(5.1) Unarmed Combat


You had 5 spell levels left.
You didn't know any spells.

Dungeon Overview and Level Annotations

Branches:
Dungeon (6/15)
 Temple: D:4-7

Altars:
Cheibriados
Dithmenos
Ru


Innate Abilities, Weirdness & Mutations

You are too large for most types of armour.
You have claws for hands.
Your metabolism is lightning-fast.
You like to eat raw meat.
You heal very quickly.
You are covered in fur. (AC +1)
You have very tough skin. (AC +2)


Message History

You feel drained.
You scratch the wight.
The wight is lightly damaged.
You block the wight's attack. The wight barely misses you.
You claw the wight!
You destroy the wight!
Your base Unarmed Combat skill increases to level 7!
You closely miss the wight.
The wight hits you with an enchanted halberd!
* * * LOW HITPOINT WARNING * * *
You feel drained.
* * * LOW HITPOINT WARNING * * *
You claw the wight!
The wight is moderately damaged.
You block the wight's attack.
Unknown command.
You barely miss the wight.
The wight is moderately damaged.
You scratch the wight.
The wight is heavily damaged.
The wight completely misses you.
You scratch the wight.
The wight is severely damaged.
The wight hits you with an enchanted halberd!
* * * LOW HITPOINT WARNING * * *
You feel drained.
* * * LOW HITPOINT WARNING * * *
You closely miss the wight.
The wight is severely damaged.
The wight hits you with an enchanted halberd!
* * * LOW HITPOINT WARNING * * *
You feel drained.
* * * LOW HITPOINT WARNING * * *
You barely miss the wight.
The wight is severely damaged.
You block the wight's attack.
You scratch the wight.
The wight is almost destroyed.
The wight hits you with an enchanted halberd.
You die...

..........#.#
#.##.##.#.##
.....>..###.#
#..#.##....#
.........##.##
#.....<...####
.........>...#
#.#####......#
.........##..####.#
########
.......#.##...##..#
......##.###.....##
......##.# ##....###
.......#.# ###.@..#
.......#.# ##z##.###
.......#.#####...#...####
.................)......#
...♣♣♣...♣♣♣...♣♣♣z.#..##
..♣# #♣.♣# #♣.♣# #♣.>.##
).♣ ♣.♣ ♣♣♣ ♣.### #.♣#
#♣.♣# ♣.# #..♣♣♣...♣♣ ..#


You could see a wight.

Vanquished Creatures
  The ghost of medicine the Twirler, an amateur DrGl (D:3)
  A phantom (D:4)
  An ogre (D:4)
  2 wights (D:5)
  An orc wizard (D:4)
  2 adders
  2 giant geckos
  4 giant cockroaches
  2 goblins (D:3)
  A hobgoblin (D:2)
  3 quokkas
  A bat (D:2)
  2 giant newts
  2 kobolds (D:3)
  A rat (D:1)
26 creatures vanquished.

Notes
Turn   | Place    | Note
-------+----------+-------------------------------------------
     0 | D:1      | Implojin the Troll Fighter began the quest for the Orb.
     0 | D:1      | Reached XP level 1. HP: 22/22 MP: 0/0
   162 | D:2      | Reached skill level 3 in Unarmed Combat
   162 | D:2      | Reached XP level 2. HP: 27/29 MP: 1/1
   221 | D:3      | Noticed medicine's ghost (amateur DrGl)
   236 | D:3      | Killed medicine's ghost
   236 | D:3      | Reached skill level 4 in Unarmed Combat
   236 | D:3      | Reached XP level 3. HP: 10/36 MP: 2/2
   236 | D:3      | Reached XP level 4. HP: 13/44 MP: 3/3
   317 | D:3      | Reached skill level 5 in Unarmed Combat
   334 | D:3      | Found a snail-covered altar of Cheibriados.
   343 | D:3      | Found a shadowy altar of Dithmenos.
   346 | D:3      | Found a sacrificial altar of Ru.
   378 | D:4      | Noticed an ogre
   384 | D:4      | Killed an ogre
   384 | D:4      | Reached XP level 5. HP: 49/50 MP: 4/4
   441 | D:4      | Noticed a phantom
   460 | D:4      | Reached skill level 6 in Unarmed Combat
   489 | D:4      | Killed a phantom
   489 | D:4      | Reached XP level 6. HP: 48/59 MP: 5/5
   495 | D:5      | Entered Level 5 of the Dungeon
   621 | D:5      | Reached skill level 7 in Unarmed Combat
   627 | D:5      | HP: 2/59 [wight/enchanted halberd (3)]
   629 | D:5      | Slain by a wight

Vault maps used:
D:1:      dpeg_arrival_leaves_temple_mockup, serial_corexii_hall,
          corexii_hall_statues_x, corexii_hall_statues_x,
          hangedman_decor_peaks_small, st_stairs_3, eino_curves_01
D:2:      ecumenical_altar_2
D:3:      minmay_overflow_temple_star_quad, first_bread
D:4:      nicolae_ossuary_entry_false_entrances, serial_shops,
          nicolae_shop_overgrown_old_shop, serial_bayou_crossing
D:5:      lemuel_insect_pit, kennysheep_little_box, minmay_stone_trees_large,
          uniq_pikel

Skill      XL: |  1  2  3  4  5  6 |
---------------+-------------------+-----
Unarmed Combat | 3 4 5 6 7 |  7.1
Fighting       | |  2.4
Dodging        | |  2.4
Shields        | |  2.4

Action                   |  1- 3 |  4- 6 || total
-------------------------+-------+-------++-------
Melee: Unarmed           |    41 |    59 ||   100
  Use: Potion            |     1 |       ||     1
  Eat: Chunk             |     2 |     3 ||     5
Armor: Robe              |    27 |    17 ||    44
Dodge: Dodged            |    20 |    20 ||    40
Block: Shield            |    32 |    27 ||    59

Table legend:
 A = Turns spent in this place as a percentage of turns spent in the entire game.
 B = Non-inter-level travel turns spent in this place as a percentage of non-inter-level travel turns spent in the entire game.
 C = Inter-level travel turns spent in this place as a percentage of turns spent in this place.
 D = Turns resting spent in this place as a percentage of non-inter-level travel turns spent in this place.
 E = Turns spent auto-exploring this place as a percentage of non-inter-level travel turns spent in this place.
 F = Non-inter-level travel turns spent in this place divided by the number of levels of this place that you've seen.
                   A       B       C       D       E      F
               +-------+-------+-------+-------+-------+----------------------
         Total | 100.0 | 100.0 |   0.0 |   0.0 |   0.0 | 102.5
       Dungeon | 100.0 | 100.0 |   0.0 |   0.0 |   0.0 | 102.5
               +-------+-------+-------+-------+-------+----------------------

Table legend:
 A = Kills in this place as a percentage of kills in entire the game.
 B = Kills by you in this place as a percentage of kills by you in the entire game.
 C = Kills by friends in this place as a percentage of kills by friends in the entire game.
 D = Other kills in this place as a percentage of other kills in the entire game.
 E = Experience gained in this place as a percentage of experience gained in the entire game.
 F = Experience gained in this place divided by the number of levels of this place that you have seen.
                   A       B       C       D       E      F
               +-------+-------+-------+-------+-------+----------------------
         Total | 100.0 | 100.0 |  -nan |  -nan | 100.0 |  95.0
       Dungeon | 100.0 | 100.0 |  -nan |  -nan | 100.0 |  95.0
               +-------+-------+-------+-------+-------+----------------------
